 Dungeon Crawl Stone Soup version 0.20.1-1-g8b1a95d (webtiles) character file.

124 letownia2 the Grave Robber (level 4, -2/36 HPs)
             Began as a Deep Dwarf Necromancer on Nov 5, 2017.
             Slain by a hound (3 damage)
             ... on level 4 of the Dungeon.
             The game lasted 00:02:37 (1230 turns).

letownia2 the Grave Robber (Deep Dwarf Necromancer) Turns: 1230, Time: 00:02:38

Health: -2/36      AC:  3    Str: 11    XL:     4   Next: 81%
Magic:  0/7        EV: 12    Int: 17    God:
Gold:   6          SH:  0    Dex: 13    Spells: 3/7 levels left

rFire    . . .     SeeInvis .   a - +0 dagger
rCold    . . .     Gourm    .   (no shield)
rNeg     . . .     Faith    .   l - +0 leather armour
rPois    .         Spirit   .   (no helmet)
rElec    .         Reflect  .   (no cloak)
rCorr    .         Harm     .   (no gloves)
MR       .....                  (no boots)
Stlth    ++........             (no amulet)
Regen    0.0/turn               (no ring)
MPRegen  0.1/turn               (no ring)

@: non-regenerating
A: damage resistance, heal wounds, sense surroundings 1, no regeneration
a: Heal Wounds


You were on level 4 of the Dungeon.
You were not hungry.

You visited 1 branch of the dungeon, and saw 4 of its levels.

You collected 6 gold pieces.

Inventory:

Hand Weapons
 a - a +0 dagger (weapon)
Armour
 l - a +0 leather armour (worn)
Scrolls
 e - a scroll of remove curse {unknown}
 h - a scroll of enchant weapon {unknown}
 j - a scroll of amnesia {unknown}
 k - a scroll of noise {unknown}
Potions
 d - a potion of lignification {unknown}
 f - a potion of curing {unknown}
Books
 b - a book of Necromancy

   Spells                             Type                      Level
   a - Pain                           Necromancy                   1
   b - Animate Skeleton               Necromancy                   1
   c - Vampiric Draining              Necromancy                   3
   d - Regeneration                   Charms/Necromancy            3
   e - Animate Dead                   Necromancy                   4
   f - Control Undead                 Necromancy                   4
Comestibles
 c - 2 bread rations
 g - 3 chunks of flesh
 i - a meat ration


   Skills:
 - Level 2.1 Dodging
 - Level 2.4 Stealth
 - Level 2.1 Spellcasting
 + Level 6.6 Necromancy


You had 3 spell levels left.
You knew the following spells:

 Your Spells              Type           Power        Failure   Level  Hunger
a - Pain                  Necr           ###.         1%          1    #......
v - Vampiric Draining     Necr           ###.......   4%          3    ###....


Dungeon Overview and Level Annotations

Branches:
Dungeon (4/15)
 Temple: D:4-7

Altars:


Innate Abilities, Weirdness & Mutations

You are resistant to damage.
You can heal yourself by infusing magical energy.
You passively map a small area around you.
You do not regenerate.


Message History

You barely miss the hound.
The hound is heavily wounded.
The hound bites you.
* * * LOW HITPOINT WARNING * * *
The hound bites you.
* * * LOW HITPOINT WARNING * * *
Casting: Vampiric Draining
Confirm with . or Enter, or press ? or * to list all spells.
Aiming: Pain
Press: ? - help, Shift-Dir - straight line, f/p - hound
Aim: a hound (heavily wounded, chance to defeat MR: 88%)
The hound writhes in agony!
The hound bites you but does no damage.
Unknown command.
Unknown command.
The hound completely misses you. The hound bites you. The hound bites you.
* * * LOW HITPOINT WARNING * * *
The hound bites you.
You die...

#.............#
,,##..##.#.#.##..# , , ,
,..............# * * ,
..........###.# , *
#..#..#.#####.#########.
,,........................
#..#.##.#####.##.....##
#.##...###.##.....# * * ,
#........h@.......# ,
#.####.###.##.....# , #.#
#.# #.##Z....# ,#.####.#
#.##.....# ,
#......###.##.....#
#####..<..........### * *
, #..###.##........ *
#.............#.. ,
#..###.##.####### *


You could see a hound.

Vanquished Creatures
  A howler monkey (D:3)
  A hound (D:3)
  An iguana (D:4)
  An adder (D:2)
  A howler monkey skeleton (D:4)
  An adder skeleton (D:4)
  A leopard gecko (D:3)
  An orc (D:3)
  A giant cockroach (D:3)
  A goblin (D:2)
  A hobgoblin (D:3)
  2 jackals (D:3)
  A kobold (D:3)
  A bat (D:2)
  A frilled lizard (D:2)
  A rat (D:2)
17 creatures vanquished.

Notes
Turn   | Place    | Note
-------+----------+-------------------------------------------
     0 | D:1      | letownia2 the Deep Dwarf Necromancer began the quest for the Orb.
     0 | D:1      | Reached XP level 1. HP: 15/15 MP: 3/3
   329 | D:2      | Reached XP level 2. HP: 8/22 MP: 0/5
   785 | D:3      | Reached skill level 5 in Necromancy
   886 | D:4      | Reached XP level 3. HP: 7/28 MP: 6/6
   891 | D:4      | Learned a level 3 spell: Vampiric Draining
  1122 | D:3      | Reached skill level 6 in Necromancy
  1122 | D:3      | Reached XP level 4. HP: 12/36 MP: 0/7
  1228 | D:4      | HP: 1/36 [hound (5)]
  1230 | D:4      | Slain by a hound

Skill      XL: |  1  2  3 |
---------------+----------+-----
Spellcasting   | 2 |  2.1
Necromancy     | 5 6 |  6.6
Dodging        | |  2.1
Stealth        | |  2.4

Action                   |  1- 3 |  4- 6 || total
-------------------------+-------+-------++-------
Melee: Unarmed           |     2 |       ||     2
       Dagger            |     7 |    21 ||    28
 Cast: Pain              |    32 |     1 ||    33
       Vampiric Draining |     1 |     4 ||     5
  Eat: Chunk             |     1 |     1 ||     2
Armor: Robe              |     5 |       ||     5
       Leather armour    |     5 |    13 ||    18
Dodge: Dodged            |    26 |    16 ||    42
